 Dungeon Crawl Stone Soup version 0.26.1-11-gd32895ea62 (webtiles) character file.

Game seed: 4997234616401649095

30144 Almogavar the Carver (level 13, -4/122 HPs)
             Began as a Minotaur Berserker on May 2, 2021.
             Was a High Priest of Trog.
             Slain by a troll (6 damage)
             ... led by an orc knight
             ... while paralysed
             ... on level 1 of the Orcish Mines.
             The game lasted 00:37:01 (16637 turns).

Almogavar the Carver (Minotaur Berserker)          Turns: 16637, Time: 00:37:01

Health: -4/122     AC: 17    Str: 27      XL:     13   Next: 19%
Magic:  12/12      EV:  2    Int:  0 (2)  God:    Trog [*****.]
Gold:   1298       SH:  0    Dex: 10      Spells: 12/12 levels left

rFire    . . .     SeeInvis .   a - +5 scimitar (freeze)
rCold    . . .     Faith    .   (no shield)
rNeg     + . .     Spirit   .   d - +0 chain mail {Will+}
rPois    .         Reflect  .   p - +2 hat
rElec    .         Harm     .   v - +0 cloak
rCorr    .         Rampage  .   (no gloves)
Will     +....                  y - +0 pair of boots
Stlth    ..........             f - amulet of the acrobat
HPRegen  0.30/turn              J - ring of positive energy
MPRegen  0.13/turn              H - +4 ring of evasion

@: paralysed, slowed, lost intelligence
A: retaliatory headbutt, horns 2, dopey 1
a: Renounce Religion, Berserk, Trog's Hand, Brothers in Arms


You were on level 1 of the Orcish Mines.
You worshipped Trog.
Trog was extremely pleased with you.
You visited 3 branches of the dungeon, and saw 13 of its levels.
You also visited: Ossuary.

You collected 1340 gold pieces.
You spent 42 gold pieces at shops.

Inventory:

Hand Weapons
 a - a +5 scimitar of freezing (weapon)
 c - the +5 great sword "Mixorhud" {antimagic, +Blink rF- Will+++ Str-3 SInv}
   (Trog gifted it to you on level 2 of the Orcish Mines)

   It reduces the magical energy of the wielder, and disrupts the spells and
   magical abilities of those hit.
   Natural abilities and divine invocations are not affected.
   It affects your strength (-3).
   It makes you vulnerable to fire.
   It affects your willpower, your defense against some magical effects.
   It lets you see invisible.
   It lets you blink.
 h - a +2 whip of venom
 w - the +10 hunting sling of the Coin {vorpal, rN+ Will- Stlth+}
   (You found it on level 7 of the Dungeon)

   Any stone fired from it inflicts extra damage.
   It protects you from negative energy.
   It affects your willpower, your defense against some magical effects.
   It makes you more stealthy.
Missiles
 b - 140 bolts
 e - 3 boomerangs of dispersal (quivered)
 n - 407 stones
 q - 218 arrows
 I - 31 sling bullets
Armour
 d - a +0 chain mail of willpower (worn)
 p - a +2 hat (worn)
 v - a +0 cloak (worn)
 y - a +0 pair of boots (worn)
 L - a +0 plate armour
 M - the +1 ring mail "Zusimp" {rElec Dex+4 Stlth+, unknown}
   (You found it on level 10 of the Dungeon)

   It affects your dexterity (+4).
   It insulates you from electricity.
   It makes you more stealthy.
Jewellery
 f - an amulet of the acrobat (around neck)
 D - an uncursed ring of flight
 H - a +4 ring of evasion (right hand)
 J - a ring of positive energy (left hand)
Wands
 m - a wand of acid (10)
 u - a wand of flame (46)
Scrolls
 i - 7 scrolls of remove curse
 k - a scroll of enchant weapon {unknown}
 r - 4 scrolls of teleportation
 t - a scroll of magic mapping {unknown}
 x - 2 scrolls of fog
 F - a scroll of fear
 G - a scroll of enchant armour
Potions
 j - 2 potions of flight
 l - a potion of heal wounds
 s - 2 potions of might
 z - 9 potions of curing
 E - 2 potions of cancellation {unknown}
 N - a potion of resistance {unknown}


   Skills:
 + Level 13.2 Fighting
 - Level 14.9 Long Blades
 + Level 10.6 Slings
 + Level 12.6 Armour
 + Level 5.9 Dodging
 - Level 0.1 Stealth


You had 12 spell levels left.
You didn't know any spells.
Your spell library was empty.

Dungeon Overview and Level Annotations

Branches:
Dungeon (10/15)            Temple (0/1) D:4            Lair (1/6) D:9
    Orc (2/2) D:10            Elf (0/3) Orc:2       Ossuary (visited)

Altars:
Ashenzari
Elyvilon
Fedhas
Makhleb
Qazlal
Sif Muna

Shops:
D:5 !*   Orc:2 [*:*

Portals:
Pandemonium: Orc:2


Innate Abilities, Weirdness & Mutations

You reflexively headbutt those who attack you in melee.
You have a pair of horns on your head.
You are dopey. (Int -2)


Message History

The orc high priest prays to Beogh.
The orc sorcerer hits you but does no damage.
The orc knight hits you with a +0 war axe!
* * * LOW HITPOINT WARNING * * *
The troll bites you but does no damage.
The troll claws you but does no damage. x2
The neqoxec disappears in a puff of smoke!
The orc wizard points at itself and mumbles some strange words.
The orc wizard flickers and vanishes!
Deactivating autopickup; reactivate with Ctrl-A.
The warg barely misses you.
The orc warrior hits you with a +0 dire flail!!
* * * LOW HITPOINT WARNING * * *
The orc priest hits you with a +0 mace.
* * * LOW HITPOINT WARNING * * *
The orc wizard casts a spell.
The orc wizard seems to speed up.
The orc sorcerer hits you with a +0 dagger!
* * * LOW HITPOINT WARNING * * *
The troll bites you.
You die...

...........##..
..........#....
....o......... .
#............
..##.....oo....
......oooo.....
.....oToooo....
......[@o{4ยง...
......ooh3.....
.......o4o.....
##..##.#...##..
## ## #### #


You could see 2 orc knights, an orc high priest (strong), 2 ice devils, a troll,
a ynoxinul (summoned), a warg, an orc sorcerer (strong), 4 orc warriors, an orc
priest (strong), 4 orc wizards and 4 orcs.

Vanquished Creatures
  An orc warlord (Orc:1)
  An ettin (Orc:2)
  Erolcha (D:9)
  3 two-headed ogres
  9 orc high priests (Orc:2)
  A sixfirhy (Orc:2)
  A gelid demonspawn (Orc:2)
  A torturous demonspawn (Orc:1)
  5 orc knights
  6 orc sorcerers
  4 elephants (D:8)
  A hellwing (Orc:2)
  4 trolls
  6 yaks (D:9)
  8 wargs
  32 orc warriors
  4 sky beasts
  A black bear (D:8)
  A phantom (D:7)
  4 centaurs
  8 ogres
  A big kobold (D:8)
  7 bullfrogs
  A wyvern zombie (D:10)
  A gnoll sergeant (Orc:1)
  2 elf skeletons (D:7)
  3 scorpions
  9 killer bees
  7 howler monkeys
  16 wights
  A bullfrog zombie (D:8)
  31 orc priests
  A quasit (D:9)
  A human zombie (D:7)
  7 hounds
  A jelly (D:9)
  Crazy Yiuf (D:3)
  2 bullfrog skeletons
  A human skeleton (D:7)
  5 iguanas
  A gnoll shaman (D:9)
  21 orc wizards
  9 worker ants
  4 big kobold zombies (Ossuary)
  2 hound skeletons
  A mummy (Ossuary)
  A howler monkey zombie (D:8)
  A worker ant zombie (D:6)
  16 adders
  14 gnolls
  2 shadow imps
  A white imp (D:9)
  3 ufetubi
  An adder zombie (D:8)
  An adder skeleton (D:5)
  2 worms (D:2)
  2 dart slugs (D:3)
  3 leopard geckos
  75 orcs
  2 spectral bats (Ossuary)
  6 giant cockroaches
  8 goblins
  10 hobgoblins
  13 jackals
  5 quokkas
  A ball python (D:6)
  7 bats
  3 bat simulacra (Ossuary)
  8 gnoll zombies (Ossuary)
  4 goblin simulacra (Ossuary)
  5 goblin zombies (Ossuary)
  5 hobgoblin zombies (Ossuary)
  10 kobolds
  A kobold simulacrum (Ossuary)
  4 kobold zombies (Ossuary)
  An orc skeleton (D:7)
  5 orc zombies
  15 rats
  2 rat simulacra (Ossuary)
  3 spectral goblins (Ossuary)
  3 spectral kobolds (Ossuary)
  2 spectral rats (Ossuary)
483 creatures vanquished.

Vanquished Creatures (others)
  27 plants
27 creatures vanquished.

Grand Total: 510 creatures vanquished

Notes
Turn   | Place    | Note
-------+----------+-------------------------------------------
     0 | D:1      | Almogavar the Minotaur Berserker began the quest for the
                  | Orb.
     0 | D:1      | Reached XP level 1. HP: 19/19 MP: 0/0
   163 | D:1      | Reached skill level 4 in Long Blades
   174 | D:1      | Reached XP level 2. HP: 26/27 MP: 1/1
  1006 | D:2      | You fall into a shaft and drop 2 floors!
  1083 | D:3      | Reached XP level 3. HP: 17/33 MP: 2/2
  1086 | D:3      | Reached skill level 5 in Long Blades
  1086 | D:3      | Reached XP level 4. HP: 21/41 MP: 3/3
  1322 | D:3      | Reached XP level 5. HP: 47/47 MP: 4/4
  1428 | D:2      | Reached ** piety under Trog
  1605 | D:2      | Reached skill level 6 in Long Blades
  2100 | D:3      | Found a blossoming altar of Fedhas.
  2305 | D:3      | Reached XP level 6. HP: 54/55 MP: 5/5
  2878 | D:3      | Found a runed translucent door.
  2879 | D:3      | Noticed Crazy Yiuf
  2927 | D:3      | Paralysed by Crazy Yiuf for 4 turns
  2931 | D:3      | Killed Crazy Yiuf
  3320 | D:4      | Reached skill level 5 in Fighting
  3363 | D:4      | Found a staircase to the Ecumenical Temple.
  3484 | D:4      | Reached skill level 7 in Long Blades
  3484 | D:4      | Reached skill level 5 in Armour
  3484 | D:4      | Reached XP level 7. HP: 61/61 MP: 6/6
  3529 | D:4      | Reached *** piety under Trog
  3897 | D:5      | Entered Level 5 of the Dungeon
  3900 | D:5      | Found Veada's Elemental Accessories.
  4134 | D:5      | Found Wusicy Bauz's Distillery.
  4144 | D:5      | Reached skill level 8 in Long Blades
  4177 | D:5      | Reached XP level 8. HP: 69/70 MP: 7/7
  4192 | D:5      | Bought a potion of curing for 42 gold pieces
  4626 | D:6      | Found a white marble altar of Elyvilon.
  4837 | D:6      | Reached skill level 9 in Long Blades
  4887 | D:6      | Reached **** piety under Trog
  5218 | D:6      | Reached XP level 9. HP: 65/79 MP: 8/8
  5605 | D:6      | Found a shimmering blue altar of Sif Muna.
  5736 | D:7      | Reached skill level 10 in Long Blades
  5971 | D:7      | Found a sand-covered staircase.
  5982 | Ossuary  | Entered an ossuary
  6014 | Ossuary  | Reached ***** piety under Trog
  6038 | Ossuary  | Received a gift from Trog
  6510 | D:7      | Got a scorched hunting sling
  6511 | D:7      | Identified the +10 hunting sling of the Coin {vorpal, rN+
                  | Will- Stlth+} (You found it on level 7 of the Dungeon)
  6673 | D:7      | Found a broken altar of Ashenzari.
  6987 | D:7      | Reached skill level 11 in Long Blades
  7147 | D:8      | Noticed an elephant
  7157 | D:8      | Killed an elephant
  7287 | D:8      | Noticed an elephant
  7297 | D:8      | Killed an elephant
  7504 | D:8      | Reached skill level 12 in Long Blades
  7504 | D:8      | Reached XP level 10. HP: 90/90 MP: 3/9
  7608 | D:8      | Noticed an elephant
  7621 | D:8      | Killed an elephant
  7643 | D:8      | Found a burning altar of Makhleb.
  7643 | D:8      | Noticed an elephant
  7654 | D:8      | Killed an elephant
  7655 | D:8      | Reached skill level 1 in Slings
  8713 | D:9      | Found a staircase to the Lair.
  8722 | D:9      | Reached skill level 13 in Long Blades
  8729 | D:9      | Reached skill level 5 in Dodging
  8867 | D:9      | Noticed Erolcha
  8873 | D:9      | Reached skill level 10 in Armour
  8890 | D:9      | Killed Erolcha
  9250 | D:9      | Reached skill level 14 in Long Blades
  9451 | D:9      | Received a gift from Trog
  9452 | D:9      | Reached XP level 11. HP: 99/99 MP: 10/10
  9720 | D:10     | Entered Level 10 of the Dungeon
  9841 | D:10     | Noticed a two-headed ogre
  9845 | D:10     | Killed a two-headed ogre
  9846 | D:10     | Reached skill level 10 in Fighting
  9940 | D:10     | Noticed a two-headed ogre
  9945 | D:10     | Killed a two-headed ogre
 10429 | D:10     | Got a smelly ring mail
 10615 | D:10     | Found a stormy altar of Qazlal.
 10714 | D:10     | Found a staircase to the Orcish Mines.
 11181 | Lair:1   | Entered Level 1 of the Lair of Beasts
 11281 | Orc:1    | Entered Level 1 of the Orcish Mines
 11311 | Orc:1    | Noticed a two-headed ogre
 11318 | Orc:1    | Killed a two-headed ogre
 11406 | Orc:1    | Noticed an orc knight
 11422 | Orc:1    | Killed an orc knight
 11812 | Orc:1    | Noticed an orc sorcerer
 11826 | Orc:1    | Killed an orc sorcerer
 12346 | Orc:2    | Entered Level 2 of the Orcish Mines
 12346 | Orc:2    | Found a staircase to the Elven Halls.
 12350 | Orc:2    | Noticed an ettin
 12358 | Orc:2    | Killed an ettin
 12382 | Orc:2    | Noticed an orc sorcerer
 12400 | Orc:2    | Gained mutation: You are dopey. (Int -2) [a neqoxec]
 12401 | Orc:2    | Noticed an orc warlord
 12407 | Orc:1    | Killed an orc sorcerer
 12412 | Orc:1    | Reached skill level 5 in Slings
 12629 | Orc:1    | Killed an orc warlord
 12630 | Orc:1    | Reached XP level 12. HP: 110/110 MP: 11/11
 12788 | Orc:2    | Received a gift from Trog
 12804 | Orc:2    | Got a crude great sword {god gift}
 12805 | Orc:2    | Identified the +5 great sword "Mixorhud" {antimagic, +Blink
                  | rF- Will+++ Str-3 SInv} (Trog gifted it to you on level 2
                  | of the Orcish Mines)
 13102 | Orc:2    | Noticed an orc high priest
 13162 | Orc:2    | Killed an orc high priest
 13651 | Orc:2    | Received a gift from Trog
 13664 | Orc:2    | Found Woffoal's General Store.
 13669 | Orc:2    | Found Yhylaol's General Store.
 14012 | Orc:2    | Noticed an orc high priest
 14435 | Orc:2    | Noticed an orc high priest
 14443 | Orc:2    | Killed an orc high priest
 14443 | Orc:2    | Noticed an orc high priest
 14467 | Orc:2    | HP: 4/113 [sixfirhy[an orc high priest] (9)]
 14778 | Orc:2    | Killed an orc high priest
 15388 | Orc:2    | Killed an orc high priest
 15612 | Orc:2    | Noticed an orc high priest
 15612 | Orc:2    | Noticed an orc high priest
 15864 | Orc:2    | Killed an orc high priest
 15943 | Orc:2    | Killed an orc high priest
 15944 | Orc:2    | Reached skill level 10 in Slings
 15944 | Orc:2    | Reached XP level 13. HP: 91/119 MP: 12/12
 16372 | Orc:2    | Found Usown's Antique Armour Shop.
 16372 | Orc:2    | Found Epham's Book Boutique.
 16373 | Orc:2    | Found a one-way gate leading to the halls of Pandemonium.
 16634 | Orc:1    | Lost intelligence.
 16637 | Orc:1    | HP: 2/122 [orc sorcerer/+0 dagger[an orc high priest] (7)]
 16637 | Orc:1    | Slain by a troll

Illustrated notes

Levels and vault maps discovered:
D:1:      scummos_arrival_gate, layout_loops_ring
D:2:      layout_rooms
D:3:      layout_basic, fedhas_altar_fruit_tree, uniq_crazy_yiuf_cottage
D:4:      layout_basic, temple_doors_e
D:5:      layout_rooms, serial_shops, shop, nicolae_elemental_shop,
          guppyfry_early_lair_pool
D:6:      layout_basic, general_overflow_altar, elyvilon_altar_3
D:7:      layout_gridville, nicolae_ossuary_entry_catacombs,
          kennysheep_flooded_box
D:8:      wad_woods_stonehenge, layout_basic, minmay_misc_feat_rows,
          patterned_corridor
D:9:      layout_cave_pods, erik_lair_orcish_takeover, uniq_erolcha
D:10:     layout_basic, david_orc_1_choice, nicolae_qazlal_eye_of_the_storm
Lair:1:   layout_chaotic_city, gammafunk_ghost_icy, grunt_megastairs_1,
          uniq_fannar
Orc:1:    layout_caves
Orc:2:    pf_orc_diabolical, layout_diamond_mine

Skill      XL: |  1  2  3  4  5  6  7  8  9 10 11 12 13 |
---------------+----------------------------------------+-----
Long Blades    | 4 5 6 7 8 9 12 14 | 14.9
Fighting       | 4 5 7 8 9 11 12 13 | 13.2
Armour         | 3 4 5 6 7 9 10 11 12 | 12.6
Dodging        | 3 4 5 |  5.9
Slings         | 1 5 10 | 10.6
Stealth        | |  0.1

Action                   |  1- 3 |  4- 6 |  7- 9 | 10-12 | 13-15 || total
-------------------------+-------+-------+-------+-------+-------++-------
Melee: Falchion          |    43 |   126 |   291 |       |       ||   460
       Headbutt          |     9 |    26 |   108 |   101 |     7 ||   251
       Long sword        |       |       |   137 |    61 |       ||   198
       Scimitar          |       |       |       |   378 |    35 ||   413
 Fire: Hunting sling     |       |       |     3 |   239 |       ||   242
Throw: Boomerang         |       |       |       |       |     1 ||     1
Invok: Berserk           |     1 |     2 |     1 |     5 |       ||     9
  Use: Scroll            |     2 |     6 |     7 |     5 |       ||    20
       Potion            |       |       |       |     1 |       ||     1
Armor: Animal skin       |     2 |       |       |       |       ||     2
       Ring mail         |     6 |    15 |       |       |       ||    21
       Chain mail        |       |    30 |   172 |   161 |    19 ||   382
Dodge: Dodged            |    30 |    74 |   211 |   338 |    25 ||   678
       Rpst.: Falchion   |    14 |    29 |    33 |       |       ||    76
       Long sword        |       |       |     8 |    10 |       ||    18
       Scimitar          |       |       |       |    45 |     6 ||    51
